AoeStats
← 香辣小鲨鱼

Black Forest

503113429Analyzed
4v4 RM · 1mo ago on Aug 30, 2026· 48m 4s· 8 players
Game mode
Random Map
Map size
Large (8 player)
Population
200
Speed
Normal
Resources
Standard
Victory
Conquest
Starting age
Dark Age
Ending age
Imperial Age
RankedLock teamsTeams togetherTeam positionsShared explorationLock speedFull tech treeHidden civsTurbo modeCheats
Victory
Defeat
🇯🇵 Turks · Japan
1027
+13
🇨🇳 Hindustanis · China
1021
+13
🇹🇼 Saracens · Taiwan
1001
+14
🇺🇸 Khmer · United States
989
+15
🇨🇳 Franks · China
967
-14
🇨🇳 Goths · China
964
-14
🇨🇳 Hindustanis · China
958
-14
🇨🇳 Persians · China
945
-13
香辣小鲨鱼
1:18 Loom
12:17 Feudal Age
16:43 Castle Age
15:36 Horse Collar
15:47 Double-Bit Axe
16:22 Town Watch
20:06 Bow Saw
21:23 Heavy Plow
27:44 Gold Mining
27:46 Stone Mining
33:19 Imperial Age
31:48 Stone Shaft Mining
32:30 Wheelbarrow
31:56 Town Patrol
33:28 Anarchy
33:31 Scale Mail Armor
33:41 Forging
33:22 Fletching
33:32 Padded Archer Armor
33:27 Elite Skirmisher
35:14 Chemistry
34:38 Conscription
34:36 Chain Mail Armor
33:46 Capped Ram
34:50 Squires
34:10 Pikeman
35:24 Perfusion
34:51 Halberdier
37:19 Man-at-Arms
38:38 Iron Casting
37:58 Bodkin Arrow
38:19 Leather Archer Armor
40:18 Two-Man Saw
41:02 Long Swordsman
41:19 Two-Handed Swordsman
42:50 Masonry
43:01 Ballistics
42:52 Caravan
擦擦茶
0:38 Loom
11:37 Feudal Age
12:46 Double-Bit Axe
15:31 Horse Collar
16:25 Stone Mining
20:16 Castle Age
18:33 Gold Mining
25:43 Bloodlines
29:12 Crossbowman
30:10 Bow Saw
30:03 Heavy Plow
35:06 Imperial Age
33:36 Gold Shaft Mining
33:33 Masonry
33:44 Ballistics
33:35 Scale Barding Armor
33:41 Forging
33:42 Husbandry
37:21 Stone Shaft Mining
38:47 Cavalier
40:51 Chain Barding Armor
41:07 Iron Casting
41:23 Wheelbarrow
42:27 Hand Cart
42:45 Crop Rotation
43:19 Two-Man Saw
45:33 Architecture
不知天上水
10:25 Feudal Age
15:27 Castle Age
13:21 Double-Bit Axe
13:20 Horse Collar
16:54 Bow Saw
18:17 Wheelbarrow
17:46 Heavy Plow
28:42 Imperial Age
26:55 Hand Cart
27:10 Town Watch
27:11 Loom
27:32 Scale Barding Armor
27:38 Forging
27:22 Gold Mining
27:22 Stone Mining
28:53 Gold Shaft Mining
28:40 Chain Barding Armor
29:18 Caravan
29:57 Iron Casting
29:40 Heavy Camel Rider
30:21 Husbandry
30:31 Bloodlines
31:30 Plate Barding Armor
32:28 Blast Furnace
32:08 Stone Shaft Mining
32:03 Caravan
31:34 Imperial Camel Rider
34:47 Chemistry
34:08 Ballistics
33:58 Masonry
33:54 Siege Engineers
34:19 Grand Trunk Road
34:40 Conscription
34:29 Fletching
37:51 Two-Man Saw
36:25 Light Cavalry
37:55 Shatagni
38:30 Hussar
40:22 Fortified Wall
22155426
1:40 Loom
33:37 Feudal Age
ArkumKnight007
10:45 Feudal Age
11:21 Double-Bit Axe
11:21 Horse Collar
18:53 Forging
21:33 Castle Age
21:02 Gold Mining
21:02 Stone Mining
21:17 Fletching
24:16 Heavy Plow
26:08 Wheelbarrow
26:04 Bow Saw
28:48 Bloodlines
30:23 Bodkin Arrow
30:52 Husbandry
31:14 Hand Cart
34:49 Imperial Age
32:19 Loom
34:21 Scale Barding Armor
34:49 Murder Holes
35:04 Masonry
36:38 Gold Shaft Mining
36:11 Bracer
36:24 Elite Battle Elephant
37:44 Iron Casting
38:02 Crop Rotation
38:10 Stone Shaft Mining
39:34 Double Crossbow
41:00 Chain Barding Armor
41:40 Blast Furnace
44:06 Architecture
43:42 Siege Engineers
43:58 Ballistics
44:04 Elite Ballista Elephant
46:25 Caravan
48:28 Plate Barding Armor
47:54 Padded Archer Armor
小汽車
2:28 Loom
11:15 Feudal Age
15:18 Castle Age
13:59 Double-Bit Axe
13:55 Horse Collar
18:01 Bow Saw
19:30 Heavy Plow
30:39 Imperial Age
29:13 Scale Barding Armor
29:19 Forging
29:39 Bimaristan
30:19 Wheelbarrow
29:38 Gold Mining
29:39 Stone Mining
30:53 Chain Barding Armor
31:29 Gold Shaft Mining
32:23 Two-Man Saw
32:04 Iron Casting
31:54 Conscription
31:49 Husbandry
32:00 Bloodlines
32:03 Elite Mameluke
33:07 Hand Cart
34:00 Plate Barding Armor
34:26 Blast Furnace
35:18 Caravan
KEVINWEN
0:35 Loom
12:31 Feudal Age
17:12 Castle Age
15:28 Double-Bit Axe
16:15 Horse Collar
16:37 Stone Mining
17:12 Gold Mining
19:30 Wheelbarrow
22:02 Bow Saw
21:54 Heavy Plow
30:04 Imperial Age
28:19 Gold Shaft Mining
28:32 Husbandry
28:42 Bloodlines
28:53 Grand Trunk Road
30:12 Hand Cart
31:55 Chemistry
31:30 Scale Barding Armor
31:36 Forging
32:19 Heavy Camel Rider
33:53 Chain Barding Armor
34:08 Iron Casting
34:28 Imperial Camel Rider
36:00 Light Cavalry
38:01 Blast Furnace
37:37 Plate Barding Armor
37:21 Elite Ghulam
38:21 Conscription
38:26 Squires
38:11 Arson
38:35 Siege Engineers
38:42 Hussar
39:22 Murder Holes
40:04 Scale Mail Armor
41:13 Chain Mail Armor
44:09 Shatagni
44:14 Padded Archer Armor
44:32 Caravan
VVs00
0:40 Loom
17:15 Feudal Age
29:07 Castle Age
29:35 Forging
30:13 Double-Bit Axe
30:10 Horse Collar
31:49 Iron Casting
32:41 Stone Mining
32:42 Gold Mining
35:51 Wheelbarrow
40:09 Imperial Age
39:57 Scale Barding Armor
39:54 Husbandry
41:43 Bloodlines
43:25 Blast Furnace
42:46 Chain Barding Armor
44:31 Fletching
44:42 Padded Archer Armor
44:42 Elite Janissary
46:21 Bodkin Arrow
46:42 Leather Archer Armor
47:02 Plate Barding Armor
Connection lost

Rejoining the realm…

Still unreachable

The connection could not be restored.

Session expired

The server has moved on; the page needs a fresh start.